 Dungeon Crawl Stone Soup version 0.31-a0-1178-gc5c9b8f871 (webtiles) character file.

Game seed: 14151097456442206915

499 qw the Shooter (level 7, -9/43 HPs)
             Began as a Gargoyle Hunter on Dec 11, 2023.
             Was an Initiate of Okawaru.
             Mangled by an ogre
             ... wielding a +0 giant spiked club
              (18 damage)
             ... on level 5 of the Dungeon.
             The game lasted 00:02:18 (3610 turns).

qw the Shooter (Gargoyle Hunter)                    Turns: 3610, Time: 00:02:19

Health: -9/43      AC: 10    Str: 14    XL:     7   Next: 16%
Magic:  7/7        EV: 11    Int: 10    God:    Okawaru [......]
Gold:   33         SH:  0    Dex: 15    Spells: 6/6 levels left

rFire   . . .        a - +0 shortbow
rCold   . . .        (shield currently unavailable)
rNeg    + . .        d - +0 ring mail
rPois   inf          (no helmet)
rElec   +            (no cloak)
rCorr   .            (no gloves)
SInv    .            (no boots)
Will    .....        (no amulet)
Stlth   +            (no ring)
HPRegen 0.27/turn    (no ring)
MPRegen 0.10/turn

%: no passive effects
@: no status effects
A: sickness immunity, AC +4, negative energy resistance 1, electricity
resistance, torment resistance 1, petrification resistance
a: Renounce Religion


You were on level 5 of the Dungeon.
You worshipped Okawaru.
Okawaru was noncommittal.
You visited 2 branches of the dungeon, and saw 7 of its levels.

You collected 215 gold pieces.
You spent 182 gold pieces at shops.


Innate Abilities, Weirdness & Mutations

You are immune to sickness and miasma.
Your stone body is resilient. (AC +4)
You are immune to poison.
You resist negative energy. (rN+)
You are resistant to electric shocks. (rElec)
You are resistant to unholy torment.
You are immune to petrification.


   Skills:
 - Level 4.1 Fighting
 + Level 7.5 Ranged Weapons
 - Level 1.4 Armour
 - Level 1.5 Dodging
 - Level 1.1 Stealth


You had 6 spell levels left.
You didn't know any spells.
Your spell library was empty.

Inventory:

Hand Weapons
 a - a +0 shortbow (weapon)
Armour
 d - a +0 ring mail (worn)
Scrolls
 g - 2 scrolls of identify
Potions
 b - a potion of enlightenment
 c - 7 potions of curing
 f - 2 potions of might
 h - a potion of haste
 i - a potion of resistance

Dungeon Overview and Level Annotations

Branches:
Dungeon (6/15)             Temple (1/1) D:5

Altars:
Cheibriados
Dithmenos
Elyvilon
Fedhas
Gozag
Hepliaklqana
Kikubaaqudgha
Makhleb
Okawaru
Ru
Uskayaw
Vehumet
Wu Jian
Yredelemnul
Zin
The Shining One

Shops:
D:4 !

Annotations:
D:2 1 runed translucent door, Crazy Yiuf


Message History

An ogre comes into view. It is wielding a +0 giant spiked club.
You shoot an arrow. The gnoll shouts!
The arrow hits the white imp.
The white imp is lightly wounded.
The white imp gestures at you. The puff of frost misses you.
You shoot an arrow.
The arrow completely misses the white imp.
The white imp gestures at you. The puff of frost hits you.
You shoot an arrow.
The arrow hits the white imp but does no damage.
The white imp is lightly wounded.
The white imp gestures at you. The puff of frost hits you.
You shoot an arrow. The arrow hits the white imp!
The white imp is almost dead.
You shoot an arrow. The arrow closely misses the white imp.
The white imp shouts, "Get thee gone, thou horrid fool-headed ratsbane!"
The white imp hits you but does no damage.
You shoot an arrow. The arrow closely misses the white imp.
The white imp hits you. The white imp freezes you.
The white imp gestures at you. The puff of frost hits you.
You shoot an arrow. The arrow closely misses the white imp.
The white imp closely misses you.
You shoot an arrow.
The arrow completely misses the white imp.
The white imp hits you but does no damage.
You shoot an arrow. The arrow hits the white imp.
You kill the white imp!
Okawaru accepts your kill.
You shoot an arrow. The arrow hits the ogre.
The ogre is lightly wounded.
The ogre hits you with a +0 giant spiked club!!
You shoot an arrow. The arrow hits the ogre.
The ogre is lightly wounded.
The ogre hits you with a +0 giant spiked club!!
You die...

.... .... .....
.......### #..
.........#
#.##.......#.#####.#
#.#........'.O.....#
#.#........#@#
#.#........#.#####
#.#.)......#.....
.####.#.###########.#
ggS.....(.......
#########
g####.#.########
#.......# #.#<#
#.>.#.>.# #.#.#
#.......# #.#.#
#########


You could see an ogre.

Vanquished Creatures
  An ogre (D:5)
  A scorpion (D:5)
  A jelly (D:3)
  A hound (D:4)
  A gnoll bouda (D:5)
  An iguana (D:4)
  2 orc wizards (D:3)
  4 gnolls
  6 adders
  A white imp (D:5)
  A worm (D:3)
  7 orcs
  5 ball pythons
  6 endoplasms
  A giant cockroach (D:1)
  7 goblins
  7 hobgoblins
  6 kobolds
  3 quokkas
  3 bats (D:1)
  11 frilled lizards (D:1)
  6 rats
82 creatures vanquished.

Notes
Turn   | Place    | Note
-------+----------+-------------------------------------------
     0 | D:1      | qw the Gargoyle Hunter began the quest for the Orb.
     0 | D:1      | Reached XP level 1. HP: 12/12 MP: 1/1
     0 | D:1      | 0 ||| qw: Version: 0.3-a-106-g2cfff9e
     0 | D:1      | 0 ||| qw: Game counter: 2068
     0 | D:1      | 0 ||| qw: Melee chars always use a shield: true
     0 | D:1      | 0 ||| qw: God list: Okawaru
     0 | D:1      | 0 ||| qw: Allow faded altars: false
     0 | D:1      | 0 ||| qw: Do Orc after clearing Dungeon:15 true
     0 | D:1      | 0 ||| qw: Do second Lair branch before Depths: true
     0 | D:1      | 0 ||| qw: Lair rune preference: random
     0 | D:1      | 0 ||| qw: Goals: Normal, Save, Zot:1-4, Win
     0 | D:1      | 0 ||| PLANNING D:1-11
   213 | D:1      | Reached XP level 2. HP: 17/17 MP: 2/2
   549 | D:1      | Reached XP level 3. HP: 14/21 MP: 3/3
   650 | D:1      | 650 ||| UPGRADING to +0 ring mail.
   660 | D:1      | 660 ||| DROPPING +0 leather armour.
   661 | D:1      | 661 ||| READING scroll labelled CAICOA JUACW.
   661 | D:1      | 661 ||| IDENTIFYING cyan potion
   662 | D:1      | 662 ||| READING scroll labelled QYASIY MUSEUG.
   663 | D:1      | 663 ||| READING scroll labelled ITICLI JUPHA.
   664 | D:1      | 664 ||| DROPPING scroll of butterflies.
   699 | D:2      | 699 ||| STAIRDANCE
   711 | D:2      | Identified the +9 spear of Cruel Justice {freeze, rF+ Will-
                  | Dex+4}
   819 | D:2      | 819 ||| Stepping ~*~*~tactically~*~*~ (retreating).
   832 | D:2      | HP: 5/21 [gnoll/+0 club (4)]
   833 | D:2      | 833 ||| DRINKING inky potion.
   835 | D:2      | Reached skill level 1 in Armour
   835 | D:2      | HP: 2/21 [gnoll/+0 flail (3)]
   837 | D:2      | Reached skill level 5 in Ranged Weapons
   838 | D:2      | Reached XP level 4. HP: 4/27 MP: 4/4
   974 | D:2      | Found a faded altar of an unknown god.
  1168 | D:2      | Found a runed translucent door.
  1169 | D:2      | Noticed Crazy Yiuf
  1414 | D:2      | 1414 ||| READING scroll of identify.
  1414 | D:2      | 1414 ||| IDENTIFYING 2 puce potions
  1415 | D:2      | 1415 ||| READING 2 scrolls labelled VAXOTE SUCLEAD.
  1490 | D:3      | Reached skill level 3 in Fighting
  1806 | D:3      | Reached XP level 5. HP: 11/32 MP: 5/5
  1939 | D:3      | Found a hazy altar of Hepliaklqana.
  2270 | D:3      | Reached skill level 6 in Ranged Weapons
  2471 | D:3      | 2471 ||| READING 2 scrolls of identify.
  2471 | D:3      | 2471 ||| IDENTIFYING orange potion
  2472 | D:3      | 2472 ||| READING scroll of identify.
  2472 | D:3      | 2472 ||| IDENTIFYING brown potion
  2473 | D:3      | 2473 ||| READING scroll labelled GIXURU MYEQOF.
  2653 | D:4      | Found Pigaly's Distillery.
  2656 | D:4      | 2656 ||| BUYING 2 potions of curing (78 gold).
  2656 | D:4      | Bought 2 potions of curing for 78 gold pieces
  2656 | D:4      | 2656 ||| BUYING potion of curing (39 gold).
  2656 | D:4      | Bought a potion of curing for 39 gold pieces
  2656 | D:4      | 2656 ||| BUYING potion of enlightenment (65 gold).
  2656 | D:4      | Bought a potion of enlightenment for 65 gold pieces
  2656 | D:4      | 2656 ||| SHOPLISTING potion of haste (130 gold, have 3).
  2656 | D:4      | 2656 ||| SHOPLISTING potion of heal wounds (65 gold, have
                  | 3).
  2756 | D:4      | Found a glowing silver altar of Zin.
  2855 | D:4      | Reached XP level 6. HP: 38/38 MP: 6/6
  2911 | D:4      | 2911 ||| FLEEEEING.
  2912 | D:4      | 2912 ||| FLEEEEING.
  2913 | D:4      | 2913 ||| FLEEEEING.
  2914 | D:4      | 2914 ||| FLEEEEING.
  2915 | D:4      | 2915 ||| FLEEEEING.
  2917 | D:4      | 2917 ||| FLEEEEING.
  2918 | D:4      | 2918 ||| FLEEEEING.
  2920 | D:4      | 2920 ||| FLEEEEING.
  2921 | D:4      | 2921 ||| FLEEEEING.
  2922 | D:4      | 2922 ||| FLEEEEING.
  2923 | D:4      | 2923 ||| FLEEEEING.
  2925 | D:4      | 2925 ||| STAIRDANCE
  2979 | D:4      | 2979 ||| STAIRDANCE
  2996 | D:4      | 2996 ||| STAIRDANCE
  3261 | D:5      | Entered Level 5 of the Dungeon
  3270 | D:5      | Reached skill level 7 in Ranged Weapons
  3352 | D:5      | 3352 ||| Stepping ~*~*~tactically~*~*~ (retreating).
  3369 | D:5      | Reached XP level 7. HP: 22/43 MP: 7/7
  3377 | D:5      | HP: 8/43 [gnoll/+0 spear[a gnoll bouda] (4)]
  3378 | D:5      | 3378 ||| READING 2 scrolls of teleportation.
  3380 | D:5      | Found a staircase to the Ecumenical Temple.
  3381 | D:5      | 3381 ||| PLANNING TEMPLE
  3510 | Temple   | Entered the Ecumenical Temple
  3511 | Temple   | 3511 ||| PLANNING OKAWARU WORSHIP
  3520 | Temple   | Became a worshipper of Warmaster Okawaru
  3521 | Temple   | 3521 ||| PLANNING D:1-11
  3532 | D:5      | 3532 ||| Stepping randomly (stuck).
  3533 | D:5      | 3533 ||| Stepping randomly (stuck).
  3534 | D:5      | 3534 ||| Stepping randomly (stuck).
  3535 | D:5      | 3535 ||| Stepping randomly (stuck).
  3536 | D:5      | 3536 ||| Stepping randomly (stuck).
  3537 | D:5      | 3537 ||| Stepping randomly (stuck).
  3540 | D:6      | 3540 ||| STAIRDANCE
  3542 | D:5      | 3542 ||| Stepping randomly (stuck).
  3543 | D:5      | 3543 ||| Stepping randomly (stuck).
  3544 | D:5      | 3544 ||| Stepping randomly (stuck).
  3545 | D:5      | 3545 ||| Stepping randomly (stuck).
  3546 | D:5      | 3546 ||| Stepping randomly (stuck).
  3547 | D:5      | 3547 ||| Stepping randomly (stuck).
  3548 | D:5      | 3548 ||| Stepping randomly (stuck).
  3549 | D:5      | 3549 ||| Stepping randomly (stuck).
  3550 | D:5      | 3550 ||| Stepping randomly (stuck).
  3551 | D:5      | 3551 ||| Stepping randomly (stuck).
  3552 | D:5      | 3552 ||| Stepping randomly (stuck).
  3553 | D:5      | 3553 ||| Stepping randomly (stuck).
  3554 | D:5      | 3554 ||| Stepping randomly (stuck).
  3555 | D:5      | 3555 ||| Stepping randomly (stuck).
  3556 | D:5      | 3556 ||| Stepping randomly (stuck).
  3557 | D:5      | 3557 ||| Stepping randomly (stuck).
  3558 | D:5      | 3558 ||| Stepping randomly (stuck).
  3559 | D:5      | 3559 ||| Stepping randomly (stuck).
  3560 | D:5      | 3560 ||| Stepping randomly (stuck).
  3561 | D:5      | 3561 ||| Stepping randomly (stuck).
  3562 | D:5      | 3562 ||| Stepping randomly (stuck).
  3563 | D:5      | 3563 ||| Stepping randomly (stuck).
  3564 | D:5      | 3564 ||| Stepping randomly (stuck).
  3565 | D:5      | 3565 ||| Stepping randomly (stuck).
  3566 | D:5      | 3566 ||| Stepping randomly (stuck).
  3567 | D:5      | 3567 ||| Stepping randomly (stuck).
  3568 | D:5      | 3568 ||| Stepping randomly (stuck).
  3569 | D:5      | 3569 ||| Stepping randomly (stuck).
  3570 | D:5      | 3570 ||| Stepping randomly (stuck).
  3571 | D:5      | 3571 ||| Stepping randomly (stuck).
  3572 | D:5      | 3572 ||| Stepping randomly (stuck).
  3573 | D:5      | 3573 ||| Stepping randomly (stuck).
  3574 | D:5      | 3574 ||| Stepping randomly (stuck).
  3575 | D:5      | 3575 ||| Stepping randomly (stuck).
  3576 | D:5      | 3576 ||| Stepping randomly (stuck).
  3577 | D:5      | 3577 ||| Stepping randomly (stuck).
  3578 | D:5      | 3578 ||| Stepping randomly (stuck).
  3579 | D:5      | 3579 ||| Stepping randomly (stuck).
  3580 | D:5      | 3580 ||| Stepping randomly (stuck).
  3581 | D:5      | 3581 ||| Stepping randomly (stuck).
  3582 | D:5      | 3582 ||| Stepping randomly (stuck).
  3583 | D:5      | 3583 ||| Stepping randomly (stuck).
  3584 | D:5      | 3584 ||| Stepping randomly (stuck).
  3585 | D:5      | 3585 ||| Stepping randomly (stuck).
  3586 | D:5      | 3586 ||| Stepping randomly (stuck).
  3587 | D:5      | 3587 ||| Stepping randomly (stuck).
  3588 | D:5      | 3588 ||| Stepping randomly (stuck).
  3589 | D:5      | 3589 ||| Stepping randomly (stuck).
  3590 | D:5      | 3590 ||| Stepping randomly (stuck).
  3591 | D:5      | 3591 ||| Stepping randomly (stuck).
  3592 | D:5      | 3592 ||| Stepping randomly (stuck).
  3593 | D:5      | 3593 ||| READING scroll of teleportation.
  3609 | D:5      | HP: 9/43 [ogre/+0 giant spiked club (19)]
  3610 | D:5      | Mangled by an ogre

Levels and vault maps discovered:
D:1:      denvon_arrival_planthouse, layout_loops_ring, minmay_lizard_king
D:2:      layout_basic, hellmonk_ecumenical_altar_slurped_away,
          uniq_crazy_yiuf_cottage
D:3:      layout_basic, lemuel_round_altar, minmay_goblin_kobold_house
D:4:      layout_basic, mainiacjoe_overflow_concentric_impassable, serial_shops,
          shop
D:5:      layout_basic, minmay_temple_entry_from_below_a
D:6:      layout_basic, xom_teletrap_fun, uniq_pikel, uniq_blork_the_orc,
          uniq_maggie
Temple:   nicolae_temple_bog_church

Skill      XL: |  1  2  3  4  5  6 |
---------------+-------------------+-----
Armour         | 1 |  1.4
Ranged Weapons | 5 6 7 |  7.5
Fighting       | 3 4 |  4.1
Dodging        | |  1.5
Stealth        | |  1.1

Action                     |  1- 3 |  4- 6 |  7- 9 || total
---------------------------+-------+-------+-------++-------
   Fire: Shortbow          |   121 |   186 |    24 ||   331
    Use: Scroll            |     3 |     5 |     2 ||    10
         Potion            |     1 |       |       ||     1
 Armour: Leather armour    |    32 |       |       ||    32
         Ring mail         |    19 |    87 |    21 ||   127
  Dodge: Dodged            |    59 |    83 |    10 ||   152

Table legend:
 A = Non-vault XP
 B = Vault XP
 C = Vault XP percentage of total XP
 D = Non-vault monster count
 E = Vault monster count
 F = Vault count percentage of total count
                 A         B        C        D         E       F
            +---------+---------+-------+---------+---------+-------
      Total |     694 |      20 |   2.8 |      67 |      15 |  18.3
            +---------+---------+-------+---------+---------+-------
        D:1 |      28 |      10 |  26.3 |      18 |      10 |  35.7
        D:2 |      64 |       2 |   3.0 |      10 |       1 |   9.1
        D:3 |     150 |       8 |   5.1 |      14 |       4 |  22.2
        D:4 |     163 |       0 |   0.0 |      19 |       0 |   0.0
        D:5 |     289 |       0 |   0.0 |       6 |       0 |   0.0
            +---------+---------+-------+---------+---------+-------
